 Dungeon Crawl Stone Soup version 0.28-a0-730-g892d06dc2c (webtiles) character file.

Game seed: 6339281298796556518

91 Randoe the Covered (level 4, 0/40 HPs)
             Began as a Hill Orc Fighter on Oct 28, 2021.
             Slain by a gnoll (1 damage)
             ... on level 3 of the Dungeon.
             The game lasted 00:09:46 (1893 turns).

Randoe the Covered (Hill Orc Fighter)               Turns: 1893, Time: 00:09:47

Health: 0/40       AC:  7    Str: 18    XL:     4   Next: 57%
Magic:  4/4        EV:  9    Int: 14    God:
Gold:   88         SH:  9    Dex: 11    Spells: 3/3 levels left

rFire   . . .      SeeInvis .   a - +0 war axe (drain)
rCold   . . .      Faith    .   c - +0 buckler
rNeg    . . .      Spirit   .   b - +0 scale mail
rPois   +          Reflect  +   (no helmet)
rElec   .          Harm     .   (no cloak)
rCorr   .          Rampage  .   (no gloves)
Will    .....                   (no boots)
Stlth   ..........              l - amulet of reflection
HPRegen 0.13/turn               k - ring of poison resistance
MPRegen 0.09/turn               i - +6 ring of intelligence

@: about to teleport
A: no striking features
a: no special abilities


You were on level 3 of the Dungeon.
You visited 1 branch of the dungeon, and saw 3 of its levels.

You collected 88 gold pieces.

Inventory:

Hand Weapons
 a - a +0 war axe of draining (weapon)
 g - a +0 dagger
 q - a +0 whip of venom
Missiles
 f - 19 poisoned darts
 p - 4 javelins
Armour
 b - a +0 scale mail (worn)
 c - a +0 buckler (worn)
Jewellery
 i - a +6 ring of intelligence (right hand)
 k - a ring of poison resistance (left hand)
 l - an amulet of reflection (around neck)
 r - a ring of magical power
Wands
 n - a wand of acid (7) (quivered)
Potions
 d - a potion of might
 e - a potion of resistance {unknown}
 j - a potion of degeneration {unknown}
 m - a potion of flight {unknown}
 s - a potion of magic {unknown}


   Skills:
 + Level 4.2 Fighting
 + Level 3.7 Axes
 + Level 4.4 Armour
 + Level 0.4 Dodging
 + Level 3.6 Shields


You had 3 spell levels left.
You didn't know any spells.
Your spell library contained the following spells:

 Spells                   Type           Power      Damage    Failure   Level
 Magic Dart               Conj           0%         1d3       65%         1
 Searing Ray              Conj           0%         2d4       80%         2
 Fulminant Prism          Conj/Hex       0%         3d6       100%        4


Dungeon Overview and Level Annotations

Branches:
Dungeon (3/15)

Altars:
Sif Muna


Message History

You barely miss the quokka. You block the quokka's attack.
The quokka twitches its whiskers.
The quokka bites you but does no damage.
You miss the quokka. The quokka closely misses you. The quokka bites you.
You barely miss the quokka.
The quokka bites you but does no damage.
You slash the quokka!
You kill the quokka!
Things that are here:
a quokka corpse; a hobgoblin corpse
Found a stone staircase leading up.
A gnoll comes into view. It is wielding a +0 vorpal flail.
The gnoll shouts!
You hear a shout!
A gnoll comes into view. It is wielding a +0 flail.
A gnoll comes into view. It is wielding a +0 flail.
The gnoll shouts!
A gnoll comes into view. It is wielding a +0 spear.
The gnoll hits you with a +0 flail!
An orc comes into view. It is wielding a +0 falchion.
The gnoll hits you with a +0 vorpal flail.
You barely miss the gnoll.
The orc shouts!
You hit the gnoll. The gnoll barely misses you. You block the gnoll's attack.
The gnoll hits you with a +0 flail!
The gnoll hits you from afar with a +0 spear.
* * * LOW HITPOINT WARNING * * *
The gnoll hits you but does no damage.
As you read the scroll of fog, it crumbles to dust.
The scroll dissolves into smoke.
The gnoll hits you but does no damage. The gnoll barely misses you.
You block the gnoll's attack. The gnoll closely misses you.
The gnoll hits you but does no damage.
The gnoll hits you from afar with a +0 spear.
* * * LOW HITPOINT WARNING * * *
As you read the scroll of teleportation, it crumbles to dust.
You feel strangely unstable. The gnoll closely misses you.
The gnoll barely misses you.
The gnoll hits you with a +0 vorpal flail.
* * * LOW HITPOINT WARNING * * *
You die...

.. #.# #.## . #.#
#.# .### #.# #.#
..# #.# #.# .g# #.#
#.# #?# #.# #.# #§#
#.# #.#
#######§######.#
#.#
...<.§§§§o§ggg@####
#.#
#####§§§§.§..g....#
#.# #§§.§.#######.#
#.# #§....# #.# #.#
#.§§..# #.# #.#
#.....# #.# #.#
####.## #.###.##
#.# ##.##..<# #.#
#...#...#


You could see 4 gnolls and an orc.

Vanquished Creatures
  4 gnolls (D:2)
  An adder (D:2)
  A worm (D:3)
  A dart slug (D:1)
  An orc (D:3)
  3 ball pythons
  4 endoplasms
  2 giant cockroaches
  3 goblins (D:1)
  7 hobgoblins
  2 quokkas
  3 bats
  4 kobolds
36 creatures vanquished.

Notes
Turn   | Place    | Note
-------+----------+-------------------------------------------
     0 | D:1      | Randoe the Hill Orc Fighter began the quest for the Orb.
     0 | D:1      | Reached XP level 1. HP: 19/19 MP: 1/1
   227 | D:1      | Reached XP level 2. HP: 27/27 MP: 2/2
   685 | D:2      | Reached XP level 3. HP: 33/33 MP: 3/3
  1321 | D:2      | Found a shimmering blue altar of Sif Muna.
  1416 | D:2      | Reached XP level 4. HP: 25/40 MP: 4/4
  1808 | D:3      | Found a faded altar of an unknown god.
  1893 | D:3      | HP: 1/40 [gnoll (4)]
  1893 | D:3      | Slain by a gnoll

Illustrated notes

Levels and vault maps discovered:
D:1:      onia_arrival_pentagram, layout_basic, dk_noncrumbling_3
D:2:      layout_basic, basic_altar, grunt_decor_cap
D:3:      layout_loops_ring, serial_shops, nicolae_shop_overgrown_old_shop,
          ebering_ecumenical_altar_webs

Skill      XL: |  1  2  3 |
---------------+----------+-----
Fighting       | 4 |  4.2
Armour         | 4 |  4.4
Axes           | 3 |  3.7
Dodging        | |  0.4
Shields        | |  3.6

Action                   |  1- 3 |  4- 6 || total
-------------------------+-------+-------++-------
Melee: War axe           |    61 |    22 ||    83
  Use: Scroll            |     4 |     3 ||     7
Armor: Scale mail        |    25 |    13 ||    38
Dodge: Dodged            |    23 |    19 ||    42
Block: Buckler           |    22 |    17 ||    39

Table legend: (Time is in decaauts)
 A = Elapsed time spent in this place.
 B = Non-inter-level travel time spent in this place.
 C = Inter-level travel time spent in this place.
 D = Time resting spent in this place.
 E = Time spent auto-exploring this place.
 F = Levels seen in this place.
 G = Mean time per level.
                   A        B        C        D        E       F      G
               +--------+--------+--------+--------+--------+-----+--------+
         Total |   1920 |   1824 |     96 |     18 |   1482 |   3 |  640.0 |
       Dungeon |   1920 |   1824 |     96 |     18 |   1482 |   3 |  640.0 |
               +--------+--------+--------+--------+--------+-----+--------+

Top non-repeatable levels by time:
     D:2: 1022 daAuts
     D:1: 688 daAuts
     D:3: 209 daAuts
